 Dungeon Crawl Stone Soup version 0.29.1-15-g9cfb28693d (webtiles) character file.

Game seed: 7691948783647878214

56 hawla the Firebug (level 4, -5/34 HPs)
             Began as a Meteoran Fire Elementalist on Mar 28, 2023.
             Killed from afar by an orc wizard (9 damage)
             ... with a magic dart
             ... on level 3 of the Dungeon.
             The game lasted 00:02:13 (472 turns).

hawla the Firebug (Meteoran Fire Elementalist)       Turns: 472, Time: 00:02:13

Health: -5/34      AC:  2    Str:  9    XL:     4   Next: 39%
Magic:  0/10       EV: 13    Int: 17    God:
Gold:   51         SH:  0    Dex: 18    Spells: 7/10 levels left

rFire   + . .      SeeInvis .   g - +1 long sword (vorpal)
rCold   . . .      Faith    .   (no shield)
rNeg    . . .      Spirit   .   a - +0 robe
rPois   .          Reflect  .   (helmet restricted)
rElec   .          Harm     .   (no cloak)
rCorr   .          Rampage  .   (no gloves)
Will    .....                   (no boots)
Stlth   +.........              (no amulet)
HPRegen 0.11/turn               f - ring of protection from fire
MPRegen 0.12/turn               (no ring)

@: very slightly contaminated, glowing, unable to read
A: sense surroundings 1, otherworldly, glowing, explore regen, antennae 1, agile
1, mutation resistance 1, inability to read after injury 1
a: no special abilities


You were on level 3 of the Dungeon.
You visited 1 branch of the dungeon, and saw 4 of its levels.

You collected 51 gold pieces.

Inventory:

Hand Weapons
 g - a +1 vorpal long sword (weapon)
Armour
 a - a +0 robe (worn)
Jewellery
 f - a ring of protection from fire (left hand)
Scrolls
 c - a scroll of enchant armour {unknown}
 d - a scroll of teleportation {unknown}
 e - a scroll of identify {unknown}
Potions
 b - a potion of magic


   Skills:
 + Level 0.6 Fighting
 + Level 0.2 Long Blades
 + Level 2.8 Dodging
 - Level 1.4 Stealth
 + Level 3.6 Spellcasting
 + Level 1.4 Conjurations
 + Level 4.6 Fire Magic


You had 7 spell levels left.
You knew the following spells:

 Your Spells              Type           Power      Damage    Failure   Level
a - Foxfire               Conj/Fire      52%        2x1d6     4%          1
b - Scorch                Fire           36%        2d7       3%          2

Your spell library contained the following spells:

 Spells                   Type           Power      Damage    Failure   Level
 Conjure Flame            Conj/Fire      13%        6-21      14%         3
 Slow                     Hex            12%        N/A       17%         1
 Inner Flame              Hex/Fire       10%        N/A       19%         3
 Flame Wave               Conj/Fire      13%        2d6       43%         4
 Confusing Touch          Hex            3%         N/A       45%         3
 Vampiric Draining        Necr           3%         2d6       45%         3


Dungeon Overview and Level Annotations

Branches:
Dungeon (4/15) Zot: 1925
 Temple: D:4-7

Altars:

Annotations:
D:4 Blork the orc


Innate Abilities, Weirdness & Mutations

You passively map a small area around you.
You are easily found by Zot.
You glow in the dark.
You regain HP and MP as you explore.
You have a pair of small antennae on your head.
You are agile. (Dex +4, Str/Int -1)
You are somewhat resistant to further mutation.
You occasionally lose the ability to read scrolls when taking damage.


Message History

Casting: Foxfire (safe; 4% risk of failure)
Confirm with . or Enter, or press ? or * to list all spells.
You conjure some foxfire!
Casting: Foxfire (safe; 4% risk of failure)
Confirm with . or Enter, or press ? or * to list all spells.
You conjure some foxfire!
Something barely misses you.
Casting: Foxfire (safe; 4% risk of failure)
Confirm with . or Enter, or press ? or * to list all spells.
You can't see any susceptible monsters within range! (Use Z to cast anyway.)
Casting: Foxfire (safe; 4% risk of failure)
Confirm with . or Enter, or press ? or * to list all spells.
Flames lash something.
The foxfire hits something. x3
Reactivating autopickup.
You feel a bit more experienced.
You have reached level 4!
Casting: Scorch (safe; 3% risk of failure)
Confirm with . or Enter, or press ? or * to list all spells.
You miscast Foxfire.
You are very lightly contaminated with residual magic.
Nothing appears to happen.
Something hits you.
Deactivating autopickup; reactivate with Ctrl-A.
Casting: Foxfire (safe; 4% risk of failure)
Confirm with . or Enter, or press ? or * to list all spells.
You conjure some foxfire!
Something hits you.
You hit the orc.
You kill the orc!
The foxfire hits something but does no damage. x2
The orc priest calls down the wrath of Beogh upon you.
Beogh smites you!
* * * LOW HITPOINT WARNING * * *
Unknown command.
It was a potion of mutation.
You feel extremely strange.
You occasionally lose the ability to read scrolls when taking damage.
You feel agile. A pair of antennae grows on your head!
You feel genetically stable.
You hear some strange, mumbled words.
A magic dart appears from out of thin air!
The magic dart hits you!
You feel threatened and lose the ability to read scrolls!
You die...

* ############.
#...o....o.o.
#.#########..
#####)# ,
#....o# #** ,*
#...))#.# ,
###...{@#.#.#.#
,
.......§§......
, ,
###.....#.###.#
#.....#..., ,,
#######.##### *
* .........##
*, , , *
#######...# *,#
#.#.###.#
######
#.#.†...#
#....#


You could see an orc priest.

Vanquished Creatures
  An orc wizard (D:3)
  An adder (D:3)
  A dart slug (D:3)
  3 orcs (D:3)
  3 ball pythons
  An endoplasm (D:3)
  2 goblins (D:3)
  2 hobgoblins
  A bat (D:3)
  2 frilled lizards (D:2)
  A rat (D:3)
18 creatures vanquished.

Vanquished Creatures (others)
  39 foxfires
39 creatures vanquished.

Grand Total: 57 creatures vanquished

Notes
Turn   | Place    | Note
-------+----------+-------------------------------------------
     0 | D:1      | hawla the Meteoran Fire Elementalist began the quest for
                  | the Orb.
     0 | D:1      | Reached XP level 1. HP: 14/14 MP: 5/5
    10 | D:2      | Found a faded altar of an unknown god.
   110 | D:3      | Reached XP level 2. HP: 20/20 MP: 5/7
   138 | D:3      | Reached skill level 4 in Fire Magic
   140 | D:4      | Noticed Blork the orc
   140 | D:4      | Noticed a scorpion
   145 | D:3      | Reached XP level 3. HP: 21/26 MP: 6/8
   280 | D:3      | Learned a level 2 spell: Scorch
   469 | D:3      | Reached XP level 4. HP: 23/34 MP: 2/10
   472 | D:3      | Gained mutation: You occasionally lose the ability to read
                  | scrolls when taking damage. [potion of mutation]
   472 | D:3      | Gained mutation: You are agile. (Dex +4, Str/Int -1)
                  | [potion of mutation]
   472 | D:3      | Gained mutation: You have a pair of small antennae on your
                  | head. [potion of mutation]
   472 | D:3      | Gained mutation: You are somewhat resistant to further
                  | mutation. [potion of mutation]
   472 | D:3      | Killed from afar by an orc wizard

Illustrated notes

Levels and vault maps discovered:
D:1:      dpeg_arrival_fog, layout_rooms
D:2:      layout_loops_cross, serial_shops, nicolae_shop_crystal,
          nicolae_shop_window_shopping, nicolae_shop_hallway_plus,
          nicolae_diamond_shop, hellmonk_ecumenical_altar_crossroads,
          uniq_sigmund
D:3:      layout_basic, overflow_temple_1_default, uniq_terence
D:4:      layout_rooms, uniq_duvessa, uniq_blork_the_orc

Skill      XL: |  1  2 |
---------------+-------+-----
Spellcasting   | 3 |  3.6
Fire Magic     | 4 |  4.6
Fighting       | |  0.6
Long Blades    | |  0.2
Dodging        | |  2.8
Stealth        | |  1.4
Conjurations   | |  1.4

Action                   |  1- 3 |  4- 6 || total
-------------------------+-------+-------++-------
Melee: Unarmed           |     4 |       ||     4
       Long sword        |     7 |     1 ||     8
 Cast: Foxfire           |    23 |     1 ||    24
       Scorch            |     2 |       ||     2
  Use: Potion            |       |     1 ||     1
Armor: Robe              |     4 |       ||     4
Dodge: Dodged            |    11 |       ||    11
